AA
MONCTON MOHAWKS @ MYRTLE BEACH SHOREBIRDS
04/25/2060
 
TOP OF THE 1ST
Moncton Mohawks batting - Pitching for Myrtle Beach Shorebirds : RHP Tarin Ma
Pitching: RHP Tarin Ma
Batting: RHB Derell Machuca 0-0: Called Strike
0-1: Fly out, F8 (Flyball, 8LD, EV 91.9 MPH)
Batting: LHB Quincy Mobley 0-0: Ball
1-0: Ball
2-0: Swinging Strike
2-1: Foul Ball, location: 2F
2-2: Ball
3-2: Foul Ball, location: 2F
3-2: Strikes out looking
Batting: RHB Vincent Manning 0-0: Ball
1-0: Swinging Strike
1-1: Ball
2-1: Ball
3-1: Base on Balls
Batting: LHB Joseph Llamas 0-0: Ball
1-0: Called Strike
1-1: Ball
2-1: Foul Ball, location: 2F
2-2: Strikes out swinging
Top of the 1st over - 0 runs, 0 hits, 0 errors, 1 left on base; Moncton 0 - Myrtle Beach 0
BOTTOM OF THE 1ST
Myrtle Beach Shorebirds batting - Pitching for Moncton Mohawks : RHP Ty Roberts
Pitching: RHP Ty Roberts
Batting: RHB Keyon Yamamoto 0-0: Ball
1-0: SINGLE (Groundball, 4D, EV 102.5 MPH)
Batting: RHB Deshazor Velasquez 0-0: Ball
Keyon Yamamoto steals 2nd base
1-0: Ball
2-0: Called Strike
2-1: Foul Ball, location: 2F
2-2: Ball
3-2: Strikes out looking
Batting: RHB Joey Wilburn 0-0: Ball
1-0: Foul Ball, location: 2F
1-1: SINGLE (Groundball, 34D, EV 102.5 MPH)
Keyon Yamamoto to third
Runner from 3rd tries for Home, SAFE, throw by RF to home
Batting: RHB Ted Walker 0-0: Called Strike
0-1: Ball
1-1: Fly out, F8 (Line Drive, 8RD, EV 100.0 MPH)
Batting: RHB Trevor Tyus 0-0: SINGLE (Groundball, 56D, EV 100.6 MPH)
Joey Wilburn to second
Batting: RHB Amani Hansen 0-0: Foul Ball, location: 2F
0-1: Ground out 4-3 (Groundball, 34, EV 102.5 MPH)
Bottom of the 1st over - 1 run, 3 hits, 0 errors, 2 left on base; Moncton 0 - Myrtle Beach 1
TOP OF THE 2ND
Moncton Mohawks batting - Pitching for Myrtle Beach Shorebirds : RHP Tarin Ma
Batting: RHB Wyatt Rivera 0-0: Ball
1-0: Swinging Strike
1-1: Ball
2-1: Foul Ball, location: 2F
2-2: Ball
3-2: Foul Ball, location: 2F
3-2: Strikes out swinging
Batting: LHB Dallin Mummau 0-0: Foul Ball, location: 2F
0-1: Swinging Strike
0-2: Ball
1-2: Ball
2-2: Ball
3-2: Strikes out swinging
Batting: RHB Seamus Elliott 0-0: Ball
1-0: Called Strike
1-1: Ball
2-1: Ground out 5-3 (Groundball, 56S, EV 92.5 MPH)
Top of the 2nd over - 0 runs, 0 hits, 0 errors, 0 left on base; Moncton 0 - Myrtle Beach 1
BOTTOM OF THE 2ND
Myrtle Beach Shorebirds batting - Pitching for Moncton Mohawks : RHP Ty Roberts
Batting: RHB Casey Dodd 0-0: Ball
1-0: Swinging Strike
1-1: Swinging Strike
1-2: Fly out, F9 (Flyball, 9S, EV 72.5 MPH)
Batting: SHB Evan Lind 0-0: Ground out 4-3 (Groundball, 34D, EV 100.6 MPH)
Batting: RHB Brendon Slagle 0-0: Called Strike
0-1: Fly out, F8 (Line Drive, 89M, EV 93.8 MPH)
Bottom of the 2nd over - 0 runs, 0 hits, 0 errors, 0 left on base; Moncton 0 - Myrtle Beach 1
TOP OF THE 3RD
Moncton Mohawks batting - Pitching for Myrtle Beach Shorebirds : RHP Tarin Ma
Batting: LHB Dallas Wombolt 0-0: Called Strike
0-1: Called Strike
0-2: Fly out, F8 (Flyball, 8LM, EV 96.9 MPH)
Batting: RHB Brendan Woodman 0-0: Called Strike
0-1: Ball
1-1: Swinging Strike
1-2: Strikes out swinging
Batting: RHB Derell Machuca 0-0: Ball
1-0: Ball
2-0: Called Strike
2-1: Ball
3-1: Called Strike
3-2: Strikes out swinging
Top of the 3rd over - 0 runs, 0 hits, 0 errors, 0 left on base; Moncton 0 - Myrtle Beach 1
BOTTOM OF THE 3RD
Myrtle Beach Shorebirds batting - Pitching for Moncton Mohawks : RHP Ty Roberts
Batting: RHB Keyon Yamamoto 0-0: Called Strike
0-1: Ball
1-1: Foul Ball, location: 2F
1-2: Strikes out swinging
Batting: RHB Deshazor Velasquez 0-0: Ball
1-0: Called Strike
1-1: Ball
2-1: Foul Ball, location: 2F
2-2: Foul Ball, location: 2F
2-2: Strikes out swinging
Batting: RHB Joey Wilburn 0-0: Ball
1-0: SINGLE (Groundball, 6D, EV 105.6 MPH)
Batting: RHB Ted Walker 0-0: SINGLE (Groundball, 6MD, EV 106.9 MPH)
Joey Wilburn to second
Runner from 2nd tries for 3rd, SAFE, throw by CF made to third
Batting: RHB Trevor Tyus 0-0: Called Strike
0-1: Ball
1-1: Called Strike
1-2: Ball
2-2: Ball
3-2: Foul Ball, location: 2F
3-2: Base on Balls
Ted Walker to second
Batting: RHB Amani Hansen 0-0: Ball
1-0: DOUBLE (Groundball, 5L, EV 103.8 MPH)
Joey Wilburn scores
Ted Walker scores
Trevor Tyus to third
Batting: RHB Casey Dodd 0-0: Ball
1-0: Foul Ball, location: 2F
1-1: Foul Ball, location: 2F
1-2: Foul Ball, location: 2F
1-2: Strikes out swinging
Bottom of the 3rd over - 2 runs, 3 hits, 0 errors, 2 left on base; Moncton 0 - Myrtle Beach 3
TOP OF THE 4TH
Moncton Mohawks batting - Pitching for Myrtle Beach Shorebirds : RHP Tarin Ma
Batting: LHB Quincy Mobley 0-0: Swinging Strike
0-1: Ball
1-1: Ball
2-1: SINGLE (Flyball, 89S, EV 92.5 MPH)
Batting: RHB Vincent Manning 0-0: Ball
1-0: Ball
2-0: Called Strike
2-1: SINGLE (Groundball, 5S, EV 66.2 MPH) (infield hit)
Quincy Mobley to second
Batting: LHB Joseph Llamas 0-0: Called Strike
0-1: Swinging Strike
0-2: Ball
1-2: Fly out, F8 (Flyball, 78M, EV 90.0 MPH)
Batting: RHB Wyatt Rivera 0-0: Called Strike
0-1: Ball
1-1: Ball
2-1: Foul Ball, location: 2F
2-2: Ball
3-2: Base on Balls
Quincy Mobley to third
Vincent Manning to second
Batting: LHB Dallin Mummau 0-0: Foul Ball, location: 2F
0-1: Called Strike
0-2: Foul Ball, location: 2F
0-2: Ball
1-2: Ball
2-2: Ball
3-2: Ground out 6-3 (Groundball, 6MS, EV 75.6 MPH)
Quincy Mobley scores
Vincent Manning to third
Wyatt Rivera to second
Batting: RHB Seamus Elliott 0-0: Swinging Strike
0-1: Ball
1-1: Called Strike
1-2: Ball
2-2: Foul Ball, location: 2F
2-2: Ball
3-2: Strikes out swinging
Top of the 4th over - 1 run, 2 hits, 0 errors, 2 left on base; Moncton 1 - Myrtle Beach 3
BOTTOM OF THE 4TH
Myrtle Beach Shorebirds batting - Pitching for Moncton Mohawks : RHP Ty Roberts
Batting: SHB Evan Lind 0-0: Fly out, F8 (Line Drive, 8RM, EV 88.8 MPH)
Batting: RHB Brendon Slagle 0-0: Ball
1-0: Called Strike
1-1: Fly out, F4 (Line Drive, 4, EV 70.6 MPH)
Batting: RHB Keyon Yamamoto 0-0: Called Strike
0-1: Ball
1-1: Ball
2-1: Called Strike
2-2: Foul Ball, location: 2F
2-2: Foul Ball, location: 2F
2-2: Foul Ball, location: 2F
2-2: Ball
3-2: Foul Ball, location: 2F
3-2: Fly out, F8 (Flyball, 8RM, EV 86.2 MPH)
Bottom of the 4th over - 0 runs, 0 hits, 0 errors, 0 left on base; Moncton 1 - Myrtle Beach 3
TOP OF THE 5TH
Moncton Mohawks batting - Pitching for Myrtle Beach Shorebirds : RHP Tarin Ma
Batting: LHB Dallas Wombolt 0-0: Ball
1-0: Ball
2-0: Called Strike
2-1: Ball
3-1: Foul Ball, location: 2F
3-2: Strikes out swinging
Batting: RHB Brendan Woodman 0-0: Ball
1-0: Called Strike
1-1: Called Strike
1-2: Strikes out looking
Batting: RHB Derell Machuca 0-0: Ground out 5-3 (Groundball, 56S, EV 70.6 MPH)
Top of the 5th over - 0 runs, 0 hits, 0 errors, 0 left on base; Moncton 1 - Myrtle Beach 3
BOTTOM OF THE 5TH
Myrtle Beach Shorebirds batting - Pitching for Moncton Mohawks : RHP Ty Roberts
Batting: RHB Deshazor Velasquez 0-0: Ball
1-0: Foul Ball, location: 2F
1-1: Ball
2-1: SINGLE (Groundball, 34D, EV 103.8 MPH)
Batting: RHB Joey Wilburn 0-0: DOUBLE (Line Drive, 7LS, EV 100.0 MPH)
Deshazor Velasquez to third
Batting: RHB Ted Walker 0-0: Ball
1-0: Ball
2-0: Foul Ball, location: 2F
2-1: Fly out, F8 (Flyball, 8RD, EV 82.5 MPH)
Runner from 3rd tags up, SCORES, throw by CF
Joey Wilburn to third
Batting: RHB Trevor Tyus 0-0: Ground out 6-3 (Groundball, 56, EV 90.0 MPH)
Batting: RHB Amani Hansen 0-0: Foul Ball, location: 2F
0-1: Ball
1-1: Ball
2-1: Ball
3-1: Swinging Strike
3-2: Base on Balls
Batting: RHB Casey Dodd 0-0: Foul Ball, location: 2F
0-1: Fielders Choice at 2nd, 5-4 (Groundball, 56, EV 103.1 MPH)
Bottom of the 5th over - 1 run, 2 hits, 0 errors, 2 left on base; Moncton 1 - Myrtle Beach 4
TOP OF THE 6TH
Moncton Mohawks batting - Pitching for Myrtle Beach Shorebirds : RHP Tarin Ma
Batting: LHB Quincy Mobley 0-0: Called Strike
0-1: Foul Ball, location: 2F
0-2: Ball
1-2: Strikes out swinging
Batting: RHB Vincent Manning 0-0: Called Strike
0-1: Ball
1-1: Ball
2-1: Swinging Strike
2-2: Ball
3-2: Base on Balls
Pitching: LHP Austin McCollum
Batting: LHB Joseph Llamas 0-0: Ball
1-0: Ball
2-0: Ball
3-0: Called Strike
3-1: Foul Ball, location: 2F
3-2: Foul Ball, location: 2F
3-2: Foul Ball, location: 2F
3-2: Foul Ball, location: 2F
3-2: Base on Balls
Vincent Manning to second
Batting: RHB Wyatt Rivera 0-0: Swinging Strike
0-1: Ball
1-1: Foul Ball, location: 2F
1-2: Foul Ball, location: 2F
1-2: Strikes out swinging
Batting: LHB Dallin Mummau 0-0: Called Strike
0-1: Foul Ball, location: 2F
0-2: Strikes out looking
Top of the 6th over - 0 runs, 0 hits, 0 errors, 2 left on base; Moncton 1 - Myrtle Beach 4
BOTTOM OF THE 6TH
Myrtle Beach Shorebirds batting - Pitching for Moncton Mohawks : RHP Ty Roberts
Batting: SHB Evan Lind 0-0: Called Strike
0-1: SINGLE (Groundball, 34D, EV 96.9 MPH)
Batting: RHB Brendon Slagle 0-0: Bunted foul
0-1: Bunted foul
0-2: Ball
1-2: Ball
2-2: Ball
3-2: Base on Balls
Evan Lind to second
Batting: RHB Keyon Yamamoto 0-0: Fly out, F8 (Flyball, 8LD, EV 101.9 MPH)
Batting: RHB Deshazor Velasquez 0-0: Fly out, F6 (Line Drive, 6, EV 73.8 MPH)
Batting: RHB Joey Wilburn 0-0: Ground out 5-3 (Groundball, 56S, EV 77.5 MPH)
Bottom of the 6th over - 0 runs, 1 hit, 0 errors, 2 left on base; Moncton 1 - Myrtle Beach 4
TOP OF THE 7TH
Moncton Mohawks batting - Pitching for Myrtle Beach Shorebirds : LHP Austin McCollum
Batting: RHB Seamus Elliott 0-0: Fly out, F9 (Flyball, 89S, EV 88.8 MPH)
Batting: LHB Dallas Wombolt 0-0: Ball
1-0: Called Strike
1-1: Ball
2-1: Ball
3-1: Foul Ball, location: 2F
3-2: Strikes out swinging
Batting: RHB Brendan Woodman 0-0: Ball
1-0: Foul Ball, location: 2F
1-1: SINGLE (Groundball, 6MD, EV 105.0 MPH)
Batting: RHB Derell Machuca 0-0: Called Strike
0-1: SINGLE (Line Drive, 34, EV 102.5 MPH)
Brendan Woodman to second
Batting: LHB Quincy Mobley 0-0: Ball
1-0: Called Strike
1-1: Fly out, F9 (Flyball, 9LM, EV 92.5 MPH)
Top of the 7th over - 0 runs, 2 hits, 0 errors, 2 left on base; Moncton 1 - Myrtle Beach 4
BOTTOM OF THE 7TH
Myrtle Beach Shorebirds batting - Pitching for Moncton Mohawks : RHP Ty Roberts
Batting: RHB Ted Walker 0-0: Foul Ball, location: 2F
0-1: Ground out 5-3 (Groundball, 5, EV 90.6 MPH)
Batting: RHB Trevor Tyus 0-0: Swinging Strike
0-1: Ball
1-1: Fly out, F8 (Flyball, 8RXD, EV 104.4 MPH)
Batting: RHB Amani Hansen 0-0: Called Strike
0-1: Foul Ball, location: 2F
0-2: SINGLE (Flyball, 89S, EV 89.4 MPH)
Batting: RHB Casey Dodd 0-0: Ball
1-0: Swinging Strike
Pickoff Throw to First - Out! 1-3 CS
Bottom of the 7th over - 0 runs, 1 hit, 0 errors, 0 left on base; Moncton 1 - Myrtle Beach 4
TOP OF THE 8TH
Moncton Mohawks batting - Pitching for Myrtle Beach Shorebirds : LHP Austin McCollum
Batting: RHB Vincent Manning 0-0: Foul Ball, location: 2F
0-1: Foul Ball, location: 2F
0-2: Foul Ball, location: 2F
0-2: Ball
1-2: SINGLE (Line Drive, 89M, EV 83.8 MPH)
Batting: LHB Joseph Llamas 0-0: Ball
Pickoff Throw to First - Error! E1
Vincent Manning to second
1-0: Foul Ball, location: 2F
1-1: Called Strike
1-2: Strikes out swinging
Batting: RHB Wyatt Rivera 0-0: Called Strike
0-1: Swinging Strike
0-2: Strikes out swinging
Batting: LHB Dallin Mummau 0-0: Ball
1-0: Swinging Strike
1-1: Ball
Passed Ball!
Vincent Manning to third
2-1: Ball
3-1: Fly out, F8 (Flyball, 8LXD, EV 93.8 MPH)
Top of the 8th over - 0 runs, 1 hit, 1 error, 1 left on base; Moncton 1 - Myrtle Beach 4
BOTTOM OF THE 8TH
Myrtle Beach Shorebirds batting - Pitching for Moncton Mohawks : RHP Ty Roberts
Batting: RHB Casey Dodd 0-0: Ball
1-0: Swinging Strike
1-1: Ground out 3-1 (Groundball, 34, EV 95.0 MPH)
Batting: SHB Evan Lind 0-0: Called Strike
0-1: Swinging Strike
0-2: Ball
1-2: Foul Ball, location: 2F
1-2: Ball
2-2: Ball
3-2: Strikes out swinging
Batting: RHB Brendon Slagle 0-0: Ball
1-0: Foul Ball, location: 2F
1-1: Called Strike
1-2: Foul Ball, location: 2F
1-2: Ball
2-2: Foul Ball, location: 2F
2-2: SINGLE (Groundball, 5D, EV 98.8 MPH)
Pitching: RHP Roy Buric
Batting: RHB Keyon Yamamoto 0-0: Ball
1-0: Ball
2-0: Ball
3-0: Called Strike
3-1: Fielders Choice at 2nd, U4 (Groundball, 4M, EV 83.8 MPH)
Bottom of the 8th over - 0 runs, 1 hit, 0 errors, 1 left on base; Moncton 1 - Myrtle Beach 4
TOP OF THE 9TH
Moncton Mohawks batting - Pitching for Myrtle Beach Shorebirds : LHP Austin McCollum
Pitching: RHP Nolan Olinger
Batting: RHB Seamus Elliott 0-0: Called Strike
0-1: Ground out 3-1 (Groundball, 34, EV 106.9 MPH)
Batting: LHB Dallas Wombolt 0-0: Called Strike
0-1: Swinging Strike
0-2: Strikes out swinging
Batting: RHB Brendan Woodman 0-0: Ball
1-0: Ground out 3-1 (Groundball, 34S, EV 83.1 MPH)
Top of the 9th over - 0 runs, 0 hits, 0 errors, 0 left on base; Moncton 1 - Myrtle Beach 4
Monday, April 29th , 2024 - OOTP Baseball 23.10 Build 110